SNL (28 & UNDER)
MEMPHIS BLUES @ BEAUMONT ROUGHNECKS
09/04/2028
 
TOP OF THE 1ST
Memphis Blues batting - Pitching for Beaumont Roughnecks : RHP José Salinas
Pitching: RHP José Salinas
Batting: SHB Terry Dailey 0-0: Ground out 4-3 (Groundball, 4)
Batting: RHB Dennis Mays 0-0: Called Strike
0-1: Fly out, F7 (Flyball, 78D)
Batting: LHB Weston Chaney 0-0: Called Strike
0-1: Ball
1-1: Ball
2-1: Foul Ball, location: 2F
2-2: Foul Ball, location: 2F
2-2: Foul Ball, location: 2F
2-2: Strikes out swinging
Top of the 1st over - 0 run(s), 0 hit(s), 0 error(s), 0 left on base; Memphis 0 - Beaumont 0
BOTTOM OF THE 1ST
Beaumont Roughnecks batting - Pitching for Memphis Blues : LHP Jaden Watkins
Pitching: LHP Jaden Watkins
Batting: RHB John James 0-0: Called Strike
0-1: Called Strike
0-2: Ball
1-2: Ball
2-2: Strikes out swinging, 2-3 out at first.
Batting: RHB Michael Kent 0-0: Swinging Strike
0-1: Ground out 4-3 (Groundball, 4)
Batting: LHB Bernardo Morales 0-0: Called Strike
0-1: Called Strike
0-2: Ball
1-2: Ball
2-2: Foul Ball, location: 2F
2-2: Fly out, F8 (Flyball, 8LM)
Bottom of the 1st over - 0 run(s), 0 hit(s), 0 error(s), 0 left on base; Memphis 0 - Beaumont 0
TOP OF THE 2ND
Memphis Blues batting - Pitching for Beaumont Roughnecks : RHP José Salinas
Batting: RHB Peter Bishop 0-0: Swinging Strike
0-1: Ball
1-1: Swinging Strike
1-2: Ball
2-2: Foul Ball, location: 2F
2-2: Strikes out swinging
Batting: LHB Brenton Carter 0-0: Swinging Strike
0-1: Swinging Strike
0-2: Ball
1-2: Foul Ball, location: 2F
1-2: DOUBLE (Line Drive, 9LD)
Batting: RHB Leopoldo Horgan 0-0: Called Strike
0-1: Fly out, F8 (Flyball, 8RXD)
Runner from 2nd tags up, SAFE at 3rd, no throw
Batting: RHB Artie Green 0-0: Ground out U3 (Groundball, 34)
Top of the 2nd over - 0 run(s), 1 hit(s), 0 error(s), 1 left on base; Memphis 0 - Beaumont 0
BOTTOM OF THE 2ND
Beaumont Roughnecks batting - Pitching for Memphis Blues : LHP Jaden Watkins
Batting: LHB Enrique Cruz 0-0: Ball
1-0: Ball
2-0: Foul Ball, location: 2F
2-1: Foul Ball, location: 2F
2-2: Foul Ball, location: 2F
2-2: Foul Ball, location: 2F
2-2: Ball
3-2: Foul Ball, location: 2F
3-2: Base on Balls
Batting: RHB Darwin Crane 0-0: Ball
1-0: Ball
2-0: Foul Ball, location: 2F
2-1: Ball
Wild Pitch!
Enrique Cruz to second
3-1: Base on Balls
Batting: RHB António Aguilar 0-0: Foul Ball, location: 2F
0-1: Called Strike
0-2: Strikes out swinging
Batting: RHB Jeff Mason 0-0: Ball
1-0: Ball
2-0: Ball
3-0: Base on Balls
Enrique Cruz to third
Darwin Crane to second
Batting: RHB Miguel Costa 0-0: Called Strike
0-1: Ball
1-1: Ground out 5-3 (Groundball, 56S)
Enrique Cruz scores
Darwin Crane to third
Jeff Mason to second
Batting: SHB Walton Locke 0-0: Fly out, F7 (Line Drive, 7)
Bottom of the 2nd over - 1 run(s), 0 hit(s), 0 error(s), 2 left on base; Memphis 0 - Beaumont 1
TOP OF THE 3RD
Memphis Blues batting - Pitching for Beaumont Roughnecks : RHP José Salinas
Batting: SHB José Velásquez 0-0: Swinging Strike
0-1: Ball
1-1: Foul Ball, location: 2F
1-2: Strikes out looking
Batting: RHB Ángel Hernández 0-0: Foul Ball, location: 2F
0-1: Called Strike
0-2: Fly out, F4 (Popup, 4)
Batting: SHB Terry Dailey 0-0: Ball
1-0: DOUBLE (Line Drive, 8RXD)
Batting: RHB Dennis Mays 0-0: Called Strike
0-1: Ball
1-1: Ball
2-1: Called Strike
2-2: Foul Ball, location: 2F
2-2: Foul Ball, location: 2F
2-2: Foul Ball, location: 2F
2-2: Strikes out swinging
Top of the 3rd over - 0 run(s), 1 hit(s), 0 error(s), 1 left on base; Memphis 0 - Beaumont 1
BOTTOM OF THE 3RD
Beaumont Roughnecks batting - Pitching for Memphis Blues : LHP Jaden Watkins
Batting: RHB John James 0-0: Ground out 4-3 (Groundball, 4)
Batting: RHB Michael Kent 0-0: Ball
1-0: Called Strike
1-1: Foul Ball, location: 2F
1-2: Ball
2-2: Foul Ball, location: 2F
2-2: Ball
3-2: Ground out U3 (Groundball, 3)
Batting: LHB Bernardo Morales 0-0: Ball
1-0: Ball
2-0: Foul Ball, location: 2F
2-1: Ball
3-1: Base on Balls
Batting: LHB Enrique Cruz 0-0: Called Strike
0-1: Called Strike
0-2: Ball
1-2: Strikes out swinging
Bottom of the 3rd over - 0 run(s), 0 hit(s), 0 error(s), 1 left on base; Memphis 0 - Beaumont 1
TOP OF THE 4TH
Memphis Blues batting - Pitching for Beaumont Roughnecks : RHP José Salinas
Batting: LHB Weston Chaney 0-0: Ball
1-0: Called Strike
1-1: Hit by Pitch
Batting: RHB Peter Bishop 0-0: Called Strike
0-1: Ball
1-1: Foul Ball, location: 2F
1-2: Strikes out swinging
Batting: LHB Brenton Carter 0-0: Foul Ball, location: 2F
0-1: Ball
1-1: Ball
2-1: Foul Ball, location: 2F
2-2: Foul Ball, location: 2F
2-2: Grounds into double play, 1-6-3 (Groundball, 13)
Top of the 4th over - 0 run(s), 0 hit(s), 0 error(s), 0 left on base; Memphis 0 - Beaumont 1
BOTTOM OF THE 4TH
Beaumont Roughnecks batting - Pitching for Memphis Blues : LHP Jaden Watkins
Batting: RHB Darwin Crane 0-0: Called Strike
0-1: Ball
1-1: Ball
2-1: Foul Ball, location: 2F
2-2: Ball
3-2: Base on Balls
Batting: RHB António Aguilar 0-0: Ball
1-0: Ball
2-0: Ball
3-0: Base on Balls
Darwin Crane to second
Batting: RHB Jeff Mason 0-0: Called Strike
0-1: Ball
1-1: Swinging Strike
1-2: Ball
2-2: Ball
3-2: Foul Ball, location: 2F
3-2: Base on Balls
Darwin Crane to third
António Aguilar to second
Batting: RHB Miguel Costa 0-0: Ball
1-0: Foul Ball, location: 2F
1-1: Fly out, F5 (Line Drive, 56)
Batting: SHB Walton Locke 0-0: Ball
1-0: Foul Ball, location: 2F
1-1: Foul Ball, location: 2F
1-2: Reached on error, E9 (Flyball, 9S)
Darwin Crane scores
António Aguilar to third
Jeff Mason to second
Batting: RHB John James 0-0: Ball
1-0: Ball
2-0: SINGLE (Flyball, 8RS)
António Aguilar scores
Jeff Mason to third
Walton Locke to second
Runner from 3rd tries for Home, throw and OUT!
Walton Locke to third
John James to second
Batting: RHB Michael Kent 0-0: Ball
1-0: Called Strike
1-1: Called Strike
1-2: Ground out U3 (Groundball, 34)
Bottom of the 4th over - 2 run(s), 1 hit(s), 1 error(s), 2 left on base; Memphis 0 - Beaumont 3
TOP OF THE 5TH
Memphis Blues batting - Pitching for Beaumont Roughnecks : RHP José Salinas
Batting: RHB Leopoldo Horgan 0-0: Swinging Strike
0-1: Ball
1-1: Ball
2-1: Ball
3-1: Foul Ball, location: 2F
3-2: Strikes out swinging
Batting: RHB Artie Green 0-0: Ball
1-0: Called Strike
1-1: Called Strike
1-2: Ball
2-2: Strikes out swinging
Batting: SHB José Velásquez 0-0: Swinging Strike
0-1: Foul Ball, location: 2F
0-2: Strikes out swinging
Top of the 5th over - 0 run(s), 0 hit(s), 0 error(s), 0 left on base; Memphis 0 - Beaumont 3
BOTTOM OF THE 5TH
Beaumont Roughnecks batting - Pitching for Memphis Blues : LHP Jaden Watkins
Batting: LHB Bernardo Morales 0-0: Ball
1-0: Ball
2-0: Foul Ball, location: 2F
2-1: Foul Ball, location: 2F
2-2: Ball
3-2: Base on Balls
Batting: LHB Enrique Cruz 0-0: Called Strike
0-1: Grounds into double play, 6-4-3 (Groundball, 6)
Batting: RHB Darwin Crane 0-0: Ball
1-0: Foul Ball, location: 2F
1-1: SINGLE (Line Drive, 7S)
Pitching: RHP Vincent Hunter
Batting: RHB António Aguilar 0-0: Ball
1-0: Fielders Choice at 2nd, 4-6 (Groundball, 4)
Bottom of the 5th over - 0 run(s), 1 hit(s), 0 error(s), 0 left on base; Memphis 0 - Beaumont 3
TOP OF THE 6TH
Memphis Blues batting - Pitching for Beaumont Roughnecks : RHP José Salinas
Batting: RHB Ángel Hernández 0-0: Ball
1-0: Ball
2-0: Called Strike
2-1: Foul Ball, location: 2F
2-2: Strikes out swinging
Batting: SHB Terry Dailey 0-0: Foul Ball, location: 2F
0-1: Ball
1-1: Ball
2-1: Foul Ball, location: 2F
2-2: Ball
3-2: SINGLE (Groundball, 34) (infield hit)
Batting: RHB Dennis Mays 0-0: Called Strike
0-1: Ball
1-1: Called Strike
1-2: Foul Ball, location: 2F
1-2: Foul Ball, location: 2F
1-2: Strikes out looking
Batting: LHB Weston Chaney 0-0: Swinging Strike
Terry Dailey is caught stealing 2nd base
Top of the 6th over - 0 run(s), 1 hit(s), 0 error(s), 0 left on base; Memphis 0 - Beaumont 3
BOTTOM OF THE 6TH
Beaumont Roughnecks batting - Pitching for Memphis Blues : RHP Vincent Hunter
Batting: RHB Jeff Mason 0-0: Ball
1-0: Foul Ball, location: 2F
1-1: Foul Ball, location: 2F
1-2: Ball
2-2: SINGLE (Groundball, 56) (infield hit)
Batting: RHB Miguel Costa 0-0: Called Strike
0-1: Ball
Pickoff Throw to First - Out!
1-1: Ball
2-1: Ball
3-1: Fly out, F7 (Line Drive, 7)
Batting: SHB Walton Locke 0-0: Ball
1-0: Foul Ball, location: 2F
1-1: Fly out, F3 (Popup, 3D)
Bottom of the 6th over - 0 run(s), 1 hit(s), 0 error(s), 0 left on base; Memphis 0 - Beaumont 3
TOP OF THE 7TH
Memphis Blues batting - Pitching for Beaumont Roughnecks : RHP José Salinas
Batting: LHB Weston Chaney 0-0: Ball
1-0: Ball
2-0: Foul Ball, location: 2F
2-1: Foul Ball, location: 2F
2-2: Ball
3-2: Fly out, F7 (Flyball, 7D)
Batting: RHB Peter Bishop 0-0: Ball
1-0: Called Strike
1-1: Swinging Strike
1-2: Ball
2-2: Fly out, F9 (Flyball, 9LSF)
Batting: LHB Brenton Carter 0-0: Called Strike
0-1: Ball
1-1: Foul Ball, location: 2F
1-2: Fly out, F3 (Popup, 34)
Top of the 7th over - 0 run(s), 0 hit(s), 0 error(s), 0 left on base; Memphis 0 - Beaumont 3
BOTTOM OF THE 7TH
Beaumont Roughnecks batting - Pitching for Memphis Blues : RHP Vincent Hunter
Batting: RHB John James 0-0: Called Strike
0-1: Foul Ball, location: 2F
0-2: Ball
1-2: Ball
2-2: Ball
3-2: Strikes out looking
Batting: RHB Michael Kent 0-0: Called Strike
0-1: SINGLE (Line Drive, 89M)
Batting: LHB Bernardo Morales 0-0: Ball
1-0: Called Strike
1-1: Called Strike
1-2: Strikes out looking
Batting: LHB Enrique Cruz 0-0: Ball
1-0: Ball
2-0: Called Strike
2-1: Foul Ball, location: 2F
2-2: Foul Ball, location: 2F
2-2: Ball
3-2: Base on Balls
Michael Kent to second
Batting: RHB Darwin Crane 0-0: Ball
1-0: Ball
2-0: Ball
3-0: Base on Balls
Michael Kent to third
Enrique Cruz to second
Batting: RHB António Aguilar 0-0: Called Strike
0-1: Ball
1-1: Ball
2-1: Ball
3-1: Foul Ball, location: 2F
3-2: Fly out, F7 (Flyball, 7S)
Bottom of the 7th over - 0 run(s), 1 hit(s), 0 error(s), 3 left on base; Memphis 0 - Beaumont 3
TOP OF THE 8TH
Memphis Blues batting - Pitching for Beaumont Roughnecks : RHP José Salinas
Pitching: RHP Jesús Ortíz
Batting: RHB Leopoldo Horgan 0-0: Called Strike
0-1: Fly out, F7 (Line Drive, 7)
Batting: RHB Artie Green 0-0: Swinging Strike
0-1: Ball
1-1: Called Strike
1-2: Foul Ball, location: 2F
1-2: Strikes out swinging
Batting: SHB José Velásquez 0-0: Called Strike
0-1: Ball
1-1: Foul Ball, location: 2F
1-2: Ball
2-2: Strikes out swinging
Top of the 8th over - 0 run(s), 0 hit(s), 0 error(s), 0 left on base; Memphis 0 - Beaumont 3
BOTTOM OF THE 8TH
Beaumont Roughnecks batting - Pitching for Memphis Blues : RHP Vincent Hunter
Batting: RHB Jeff Mason 0-0: Fly out, F7 (Flyball, 7LS)
Batting: RHB Miguel Costa 0-0: Called Strike
0-1: Foul Ball, location: 2F
0-2: Strikes out swinging
Batting: SHB Walton Locke 0-0: Ground out 6-3 (Groundball, 56D)
Bottom of the 8th over - 0 run(s), 0 hit(s), 0 error(s), 0 left on base; Memphis 0 - Beaumont 3
TOP OF THE 9TH
Memphis Blues batting - Pitching for Beaumont Roughnecks : RHP Jesús Ortíz
Pitching: LHP Artie Nelson
Batting: RHB Ángel Hernández 0-0: Ball
1-0: Called Strike
1-1: Ball
2-1: Ball
3-1: Base on Balls
Batting: SHB Terry Dailey 0-0: Foul Ball, location: 2F
0-1: Foul Ball, location: 2F
0-2: Ball
1-2: Ball
2-2: Ball
3-2: Foul Ball, location: 2F
3-2: SINGLE (Line Drive, 4D)
Ángel Hernández to second
Pinch Hitting: RHB Dave Wookey 0-0: Called Strike
0-1: Swinging Strike
0-2: Foul Ball, location: 2F
0-2: Strikes out looking
Batting: LHB Weston Chaney 0-0: Called Strike
0-1: Ball
1-1: Grounds into double play, 4-6-3 (Groundball, 4)
Top of the 9th over - 0 run(s), 1 hit(s), 0 error(s), 1 left on base; Memphis 0 - Beaumont 3
Tuesday, August 8th, 2017 - OOTP Baseball 17.12 Build 75